 Dungeon Crawl Stone Soup version 0.28.0-43-g3370ac3207 (webtiles) character file.

Game seed: 5235631449016008897

117 sanboga the Shield-Bearer (level 5, 0/33 HPs)
             Began as a Gargoyle Fighter on Mar 2, 2022.
             Slain by Natasha (4 damage)
             ... on level 2 of the Dungeon.
             The game lasted 00:02:03 (1981 turns).

sanboga the Shield-Bearer (Gargoyle Fighter)        Turns: 1981, Time: 00:02:04

Health: 0/33       AC: 14    Str: 22    XL:     5   Next: 1%
Magic:  5/5        EV:  7    Int:  8    God:
Gold:   62         SH:  4    Dex:  9    Spells: 4/4 levels left

rFire   . . .      SeeInvis .   a - +0 war axe
rCold   . . .      Faith    .   c - +0 buckler
rNeg    + . .      Spirit   .   l - +0 chain mail
rPois   ∞          Reflect  .   (no helmet)
rElec   +          Harm     .   (no cloak)
rCorr   .          Rampage  .   (no gloves)
Will    .....                   h - +0 pair of boots
Stlth   ..........              i - amulet of magic regeneration
HPRegen 0.11/turn               (no ring)
MPRegen 0.49/turn               (no ring)

@: no status effects
A: sickness immunity, AC +4, negative energy resistance 1, electricity
resistance, torment resistance 1, petrification resistance
a: no special abilities


You were on level 2 of the Dungeon.
You visited 1 branch of the dungeon, and saw 2 of its levels.

You collected 62 gold pieces.

Inventory:

Hand Weapons
 a - a +0 war axe (weapon)
Armour
 c - a +0 buckler (worn)
 h - a +0 pair of boots (worn)
 l - a +0 chain mail (worn)
Jewellery
 i - an amulet of magic regeneration (around neck)
Wands
 k - a wand of polymorph (6)
Scrolls
 b - a scroll of noise {unknown}
 f - a scroll of identify {unknown}
Potions
 d - a potion of might
 e - a potion of lignification {unknown}
 g - a potion of heal wounds {unknown}
 j - a potion of haste {unknown}


   Skills:
 + Level 4.0 Fighting
 * Level 3.1 Axes
 + Level 4.0 Armour
 + Level 4.0 Shields


You had 4 spell levels left.
You didn't know any spells.
Your spell library was empty.

Dungeon Overview and Level Annotations

Branches:
Dungeon (2/15)

Altars:

Annotations:
D:2 Natasha


Innate Abilities, Weirdness & Mutations

You are immune to sickness and miasma.
Your stone body is resilient. (AC +4)
You are immune to poison.
You resist negative energy. (rN+)
You are resistant to electric shocks. (rElec)
You are resistant to unholy torment.
You are immune to petrification.


Message History

You barely miss Natasha.
Natasha stares at you and mumbles some strange words.
You resist with some effort.
Natasha casts a spell.
You hit Natasha.
Natasha is lightly wounded.
Natasha claws you.
You hit Natasha.
Natasha is heavily wounded.
You hit the iron imp but do no damage.
Natasha stares at you and mumbles some strange words.
The magic dart hits you. The iron imp hits you!
You closely miss Natasha.
Natasha is heavily wounded.
You hit the iron imp. You block Natasha's attack.
The iron imp closely misses you.
Natasha casts a spell.
You slash Natasha!
Natasha is almost dead.
You hit the white imp but do no damage. You hit the iron imp.
Natasha drinks a potion.
Natasha is healed!
The white imp hits you but does no damage.
The iron imp hits you.
You hit Natasha.
Natasha is severely wounded.
You completely miss the white imp. You hit the iron imp but do no damage.
Natasha drinks a potion.
Natasha is healed!
The white imp gestures at you. The puff of frost hits you!
* * * LOW HITPOINT WARNING * * *
You block the iron imp's attack. Natasha claws you.
* * * LOW HITPOINT WARNING * * *
Unknown command.
You slash Natasha!
Natasha is almost dead.
You hit the white imp but do no damage. You slash the iron imp!
The white imp closely misses you.
The iron imp hits you but does no damage.
Natasha claws you.
You die...

#.......................#
#..............#####....#
#..............# #....#
#..............# #....#
###########....# #....#
#....# #....#
#######....## #....#
#.....h5....# ##....#
#....5@.....# #....)#
#...........# #.....#
#...........# #.....#
#...........# #.....#
#...........# #.....#
#...........# #.....#
############# #.....#
#######


You could see an iron imp (summoned), Natasha and a white imp (summoned).

Vanquished Creatures
  Terence (D:2)
  Natasha (twice) (D:2)
  An adder (D:2)
  2 dart slugs
  4 endoplasms
  2 giant cockroaches
  3 goblins
  4 hobgoblins
  4 ball pythons
  A bat (D:2)
  2 frilled lizards (D:1)
  5 rats
31 creatures vanquished.

Notes
Turn   | Place    | Note
-------+----------+-------------------------------------------
     0 | D:1      | sanboga the Gargoyle Fighter began the quest for the Orb.
     0 | D:1      | Reached XP level 1. HP: 14/14 MP: 1/1
    74 | D:1      | Reached XP level 2. HP: 8/19 MP: 2/2
   567 | D:1      | Found a faded altar of an unknown god.
  1145 | D:2      | Reached XP level 3. HP: 22/23 MP: 3/3
  1574 | D:2      | Noticed Natasha
  1580 | D:2      | Killed Natasha
  1581 | D:2      | Reached XP level 4. HP: 19/29 MP: 4/4
  1781 | D:2      | Noticed Terence
  1789 | D:2      | Killed Terence
  1890 | D:2      | Noticed Natasha
  1900 | D:2      | Killed Natasha
  1901 | D:2      | Reached XP level 5. HP: 28/33 MP: 5/5
  1963 | D:2      | Noticed Natasha
  1981 | D:2      | Slain by Natasha

Illustrated notes

Levels and vault maps discovered:
D:1:      matt_arrival_grand_opening, layout_basic,
          shapermc_ecumenical_altar_mp_highgroup
D:2:      layout_basic, uniq_natasha, uniq_terence

Skill      XL: |  1  2  3  4 |
---------------+-------------+-----
Axes           | 2 3 |  3.1
Fighting       | 4 |  4.0
Armour         | 4 |  4.0
Shields        | 4 |  4.0

Action                   |  1- 3 |  4- 6 || total
-------------------------+-------+-------++-------
Melee: War axe           |    81 |    22 ||   103
Armor: Scale mail        |    45 |       ||    45
       Chain mail        |       |     5 ||     5
Dodge: Dodged            |    30 |    10 ||    40
Block: Buckler           |    21 |     7 ||    28
